 Dungeon Crawl Stone Soup version 0.25-a0-930-g9f5dfa9815 (webtiles) character file.

Game seed: 2413730743516515583, levelgen mode: deterministic

140 bmfx the Cutter (level 5, 0/36 HPs)
             Began as a Halfling Gladiator on May 3, 2020.
             Slain by an adder (5 damage)
             ... on level 3 of the Dungeon.
             The game lasted 00:04:51 (2184 turns).

bmfx the Cutter (Halfling Gladiator)                Turns: 2184, Time: 00:04:52

Health: 0/36       AC:  4    Str: 15    XL:     5   Next: 47%
Magic:  5/5        EV: 15    Int:  6    God:
Gold:   137        SH:  0    Dex: 17    Spells: 4/4 levels left

rFire    . . .     SeeInvis .   a - +0 rapier
rCold    . . .     Gourm    .   (shield restricted)
rNeg     . . .     Faith    .   b - +0 leather armour
rPois    .         Spirit   .   c - +0 helmet
rElec    .         Reflect  .   (no cloak)
rCorr    .         Harm     .   (no gloves)
MR       .....                  (no boots)
Stlth    ++........             (no amulet)
HPRegen  0.12/turn              (no ring)
MPRegen  0.09/turn              (no ring)

@: lethally poisoned (0 -> -6)
A: small, mutation resistance 1
a: no special abilities


You were on level 3 of the Dungeon.
You were not hungry.

You visited 1 branch of the dungeon, and saw 3 of its levels.

You collected 137 gold pieces.


Innate Abilities, Weirdness & Mutations

You are small and have problems with some larger weapons.
You are somewhat resistant to further mutation.

Dungeon Overview and Level Annotations

Branches:
Dungeon (3/15)

Altars:


   Skills:
 + Level 2.8 Fighting
 + Level 4.7 Short Blades
 + Level 3.1(3.7) Slings
 - Level 2.0(2.4) Throwing
 - Level 3.2 Dodging
 + Level 2.5 Stealth


You had 4 spell levels left.
You didn't know any spells.
Your spell library was empty.

Action                   |  1- 3 |  4- 6 || total
-------------------------+-------+-------++-------
Melee: Rapier            |    79 |    26 ||   105
 Fire: Hunting sling     |    39 |    80 ||   119
Throw: Throwing net      |     1 |     3 ||     4
  Use: Scroll            |       |     1 ||     1
 Stab: Held in net/web   |     1 |       ||     1
       Sleeping          |     1 |       ||     1
       Distracted        |       |     1 ||     1
  Eat: Chunk             |     1 |     3 ||     4
Armor: Leather armour    |    19 |     6 ||    25
Dodge: Dodged            |    61 |    41 ||   102

Skill      XL: |  1  2  3  4  5 |
---------------+----------------+-----
Fighting       | 2 |  2.8
Stealth        | 1 2 |  2.5
Slings         | 1 2 3 |  3.1
Short Blades   | 4 |  4.7
Throwing       | |  2.0
Dodging        | |  3.2

Inventory:

Hand Weapons
 a - a +0 rapier (weapon)
 w - a +0 hunting sling
Missiles
 h - 58 stones (quivered)
Armour
 b - a +0 leather armour (worn)
 c - a +0 helmet (worn)
Jewellery
 g - a cursed amulet of inaccuracy {unknown}
 k - an uncursed amulet of rage {unknown}
 n - an uncursed ring of poison resistance {unknown}
Scrolls
 e - a scroll of identify {@r3}
 j - a scroll of teleportation {@r1}
 l - a scroll of amnesia {unknown}
 m - a scroll of fear {unknown}
 o - a scroll of immolation {unknown}
Comestibles
 f - 3 rations
 i - 4 chunks of flesh {@w1}

.. ..... (..#
...# . ..# ...
..#
.....####(#####
...h...@S(....#
.....####(###.#
....!.S.....#
###.(.###รท#.#
#(# #..<#.# #
#.#.# # ......
#..##.## #..
...


You could see an adder and a jackal (wandering).

Vanquished Creatures
  8 adders
  An ooze (D:1)
  A worm (D:2)
  2 dart slugs (D:1)
  2 leopard geckos
  7 bats
  3 giant cockroaches
  2 goblins
  7 hobgoblins
  9 jackals
  7 kobolds
  A ball python (D:3)
  3 frilled lizards
  4 rats
57 creatures vanquished.

Levels and vault maps discovered:
D:1:      psy_arrival_fountain, layout_basic
D:2:      layout_basic
D:3:      layout_basic


Message History

The adder is severely wounded.
The adder misses you.
You hit the adder but do no damage.
The adder is severely wounded.
* * * LOW HITPOINT WARNING * * *
You feel sick.
A jackal comes into view. x2
The adder misses you.
You barely miss the adder.
The adder is severely wounded.
* * * LOW HITPOINT WARNING * * *
You feel sick. The adder closely misses you.
You miss the adder.
The adder is severely wounded.
* * * LOW HITPOINT WARNING * * *
You feel sick. The adder misses you.
You miss the adder.
The adder is severely wounded.
The adder bites you.
You die...

Notes
Turn   | Place    | Note
-------+----------+-------------------------------------------
     0 | D:1      | bmfx the Halfling Gladiator began the quest for the Orb.
     0 | D:1      | Reached XP level 1. HP: 14/14 MP: 1/1
   275 | D:1      | Reached skill level 1 in Stealth
   275 | D:1      | Reached XP level 2. HP: 17/19 MP: 2/2
   333 | D:1      | Reached skill level 1 in Slings
   370 | D:1      | Reached skill level 4 in Short Blades
   412 | D:1      | Reached XP level 3. HP: 24/24 MP: 3/3
  1116 | D:2      | Reached XP level 4. HP: 25/30 MP: 4/4
  1861 | D:2      | Reached XP level 5. HP: 35/35 MP: 5/5
  2184 | D:3      | Slain by an adder
